 Dungeon Crawl Stone Soup version 0.29-a0-266-gf56f883ddd (webtiles) character file.

Game seed: 4368121404012547468

28 spaghetti the Caller (level 2, -2/20 HPs)
             Began as a Demigod Summoner on Mar 7, 2022.
             Slain by an adder (5 damage)
             ... on level 1 of the Dungeon.
             The game lasted 00:02:53 (1461 turns).

spaghetti the Caller (Demigod Summoner)             Turns: 1461, Time: 00:02:53

Health: -2/20      AC:  2    Str:  9    XL:     2   Next: 75%
Magic:  5/7        EV: 12    Int: 17    God:
Gold:   79         SH:  0    Dex: 14    Spells: 3/4 levels left

rFire   x . .      SeeInvis .   l - +1 whip (elec) {mace}
rCold   + . .      Faith    .   (no shield)
rNeg    . . .      Spirit   .   a - +0 robe
rPois   .          Reflect  .   (no helmet)
rElec   .          Harm     .   (no cloak)
rCorr   .          Rampage  .   (no gloves)
Will    .....                   (no boots)
Stlth   ++........              (no amulet)
HPRegen 0.86/turn               d - ring of ice
MPRegen 0.10/turn               (no ring)

@: lethally poisoned (-2 -> -3)
A: high MP 1, forlorn, divine attributes, claws 1, regeneration 1, evolution 1
a: no special abilities


You were on level 1 of the Dungeon.
You visited 1 branch of the dungeon, and saw 2 of its levels.

You collected 79 gold pieces.


Innate Abilities, Weirdness & Mutations

You have an increased reservoir of magic. (+10% MP)
You shall have no god before yourself.
Your divine heritage dramatically boosts your attributes as you level up.
You have sharp fingernails.
Your natural rate of healing is unusually fast.
You have hidden genetic potential.


   Skills:
 - Level 1.7 Dodging
 - Level 1.7 Stealth
 - Level 1.7 Spellcasting
 + Level 4.5 Summonings


You had 3 spell levels left.
You knew the following spells:

 Your Spells              Type           Power      Damage    Failure   Level
a - Summon Small Mammal   Summ           64%        N/A       3%          1

Your spell library contained the following spells:

 Spells                   Type           Power      Damage    Failure   Level
 Call Imp                 Summ           16%        N/A       4%          2
 Call Canine Familiar     Summ           16%        N/A       10%         3
 Magic Dart               Conj           4%         1d3       21%         1
 Summon Guardian Golem    Hex/Summ       9%         N/A       24%         3
 Searing Ray              Conj           2%         2d4       30%         2
 Summon Lightning Spire   Summ/Air       9%         N/A       61%         4
 Fulminant Prism          Conj/Hex       0%         3d6       89%         4

Inventory:

Hand Weapons
 i - a +0 dagger {short}
   (You found it on level 1 of the Dungeon)
 l - a +1 whip of electrocution (weapon) {mace}
   (You took it off a kobold on level 1 of the Dungeon)
 n - a +0 whip {mace}
   (You found it on level 1 of the Dungeon)
Missiles
 e - 6 poisoned darts {throwing}
 g - 40 stones {throwing}
Armour
 a - a +0 robe (worn)
Jewellery
 d - a ring of ice (left claw)
   (You found it on level 1 of the Dungeon)
Scrolls
 h - 2 scrolls of teleportation {unknown}
 j - a scroll of enchant armour {unknown}
 k - a scroll of fog {unknown}
 m - a scroll of enchant weapon {unknown}
 o - a scroll of identify {@r1}
Potions
 b - a potion of magic
 f - a potion of mutation {!q}

Dungeon Overview and Level Annotations

Branches:
Dungeon (2/15)

.......####...##....# ##..##.###
.......# ###.##....# #...)#...##
.......# #.##....# #.##.#.#...
.......### #....#.## #.##.#.####
.........# ####...####..........
...#.#.### ##....#..####)#.##
.....#.# #######.##.#.....#.#.##
.....#.####..........#..##..^#..#
.#.#......#.....@S...#.####..##..
..................r....#
##...รท..
...####...............####..####.
........................#...###..
........#.#...........#......##.#
...#####.....#####....#.........#
...#...#.....#...#............###
...#.8.#.....#.8.#.#..#.......#
...#...#.....#...####.#......##


You could see an adder (ally target) and a friendly quokka (summoned).


Message History

Your quokka bites the orc but does no damage.
The orc hits you with a +0 whip.
You barely miss the orc.
Your quokka bites the orc but does no damage.
The orc barely misses you. ๐Ÿ˜ฎ HP[+1]
You hit the orc but do no damage.
Your quokka bites the orc but does no damage.
The orc barely misses you. ๐Ÿ˜• HP[+1]
You barely miss the orc.
Your quokka barely misses the orc.
The orc misses you.
Your quokka bites the orc but does no damage. ๐Ÿ˜• HP[+1]
You hit the orc. Lightning courses through the orc!
You kill the orc! ๐Ÿ˜• HP[+1]
You swap places.
Things that are here:
a +0 whip {mace}; a +0 ring mail; ๐Ÿ˜• HP[+1]
You start resting. ๐Ÿ˜Ž HP[+1] MP[+1]
Your hp is fully restored (20).
You swap places.
You swap places.
Your quokka disappears in a puff of smoke!
You swap places.
Things that are here:
a +0 whip {mace}; a +0 ring mail Key pressed, stopping explore.
Your rat disappears in a puff of smoke!
Key pressed, stopping explore.
Found a stone staircase leading up. ๐Ÿ˜Ž MP[+1]
Your mp is fully restored (7).
There is a stone staircase leading up here. 2 hobgoblins and a ball python come into view.
The hobgoblin shouts!
The ball python hisses angrily.
You hear an angry hiss.
An adder comes into view.
Unknown command.
A rat and a ball python come into view.
A hobgoblin comes into view.
The adder hisses angrily.
The ball python hisses angrily.
The hobgoblin shouts! x2
Casting: Summon Small Mammal (safe; 3% risk of failure)
Press: ? - help, Q - select action, (/) - cycle Dir - look around, f - activate The hobgoblin closely misses you. ๐Ÿ˜Ž MP[-1]
You lost 1 mp, and now have 6/7 mp.
Casting: Summon Small Mammal (safe; 3% risk of failure)
Press: ? - help, Q - select action, (/) - cycle Dir - look around, f - activate The adder bites you.
A gnoll comes into view. It is wielding a +0 spear.
The hobgoblin closely misses you. The ball python barely misses you.
The ball python grabs you.
The ball python constricts you. ๐Ÿ˜• HP[-3] MP[-1]
You take 3 damage, and now have 17/20 hp.
You lost 1 mp, and now have 5/7 mp.
You closely miss the ball python. The adder bites you.
The ball python barely misses you. The hobgoblin hits you.
The ball python bites you.
* * * LOW HITPOINT WARNING * * *
The ball python constricts you. The adder bites you.
* * * LOW HITPOINT WARNING * * *
The ball python bites you but does no damage. ๐Ÿ˜จ HP[-11]
You take 11 damage, and now have 6/20 hp.
MASSIVE DAMAGE!! (PAUSE)
You escape the ball python's grasp.
You swap places.
The adder attacks as you move away! The adder barely misses you.
The rat attacks as you move away! The rat barely misses you.
Your quokka closely misses the ball python.
The hobgoblin hits your rat.
Your rat dies!
Your rat's corpse disappears in a puff of smoke!
The rat barely misses your quokka. The ball python misses your quokka.
The ball python grabs your quokka.
The ball python constricts your quokka. ๐Ÿ˜จ HP[+1]
The adder attacks as you move away! The adder bites you.
* * * LOW HITPOINT WARNING * * *
Your quokka barely misses the ball python.
The rat bites your quokka but does no damage.
The ball python bites your quokka.
The ball python constricts your quokka. ๐Ÿ˜จ HP[+1]
The adder bites you.
* * * LOW HITPOINT WARNING * * *
You are poisoned.
The adder poisons you!
There is a stone staircase leading up here.
You feel sick. The adder bites you.
* * * LOW HITPOINT WARNING * * *
You climb upwards.
You feel sick.
There is a stone staircase leading down here. ๐Ÿ˜ฑ HP[-5]
You take 5 damage, and now have 3/20 hp.
MASSIVE DAMAGE!! (PAUSE) Unknown command.
Okay, then.
Casting: Summon Small Mammal (safe; 3% risk of failure)
Press: ? - help, Q - select action, (/) - cycle Dir - look around, f - activate You feel sick.
The adder bites you.
You die...

Skill      XL: |  1 |
---------------+----+-----
Summonings     | 4 |  4.5
Dodging        | |  1.7
Stealth        | |  1.7
Spellcasting   | |  1.7

Action                   || total
-------------------------++-------
Melee: Whip              ||    43
       Unarmed           ||    21
       Punch             ||     1
 Cast: Summon Small Mamm ||    22
  Use: Potion            ||     2
       Scroll            ||     1
 Stab: Sleeping          ||     2
Armor: Robe              ||    16
       Skin              ||     7
Dodge: Dodged            ||    57

Levels and vault maps discovered:
D:1:      minmay_arrival_glassed_features, layout_rooms, basic_ecumenical_altar,
          hex_large, minmay_misc_feat_plants, minmay_pentomino_q4
D:2:      layout_loops_ring

Notes
Turn   | Place    | Note
-------+----------+-------------------------------------------
     0 | D:1      | spaghetti the Demigod Summoner began the quest for the Orb.
     0 | D:1      | Reached XP level 1. HP: 14/14 MP: 5/5
     0 | D:1      | magus.rc [v1.9.6]
    51 | D:1      | Gained mutation: You have sharp fingernails. [potion of
                  | mutation]
    51 | D:1      | Gained mutation: You have hidden genetic potential. [potion
                  | of mutation]
   668 | D:1      | Reached skill level 4 in Summonings
   694 | D:1      | HP: 3/14 [goblin/+0 club (3)]
  1089 | D:2      | HP: 2/14 [hobgoblin (3)]
  1102 | D:2      | Reached XP level 2. HP: 4/20 MP: 4/7
  1122 | D:2      | Gained mutation: Your natural rate of healing is unusually
                  | fast. [hidden potential]
  1156 | D:2      | You pick up a book of Conjurations {@e2} and begin
                  | reading...
  1156 | D:2      | You add the spells Magic Dart, Searing Ray and Fulminant
                  | Prism to your library.
  1169 | D:2      | HP: 5/20 [poisoned by an adder]
  1174 | D:2      | HP: 7/30 [poisoned by an adder]
  1459 | D:2      | HP: 3/20 [adder (4)]
  1461 | D:1      | Slain by an adder

Vanquished Creatures
  An adder (D:2)
  An orc (D:2)
  2 bats (D:1)
  2 hobgoblins
  A kobold (D:1)
  A rat (D:1)
8 creatures vanquished.

Vanquished Creatures (collateral kills)
  A bat (D:1)
  An endoplasm (D:2)
  2 giant cockroaches (D:2)
  A goblin (D:1)
  A hobgoblin (D:2)
  A ball python (D:1)
7 creatures vanquished.

Grand Total: 15 creatures vanquished

Table legend:
 A = Non-vault XP
 B = Vault XP
 C = Vault XP percentage of total XP
 D = Non-vault monster count
 E = Vault monster count
 F = Vault count percentage of total count
                 A         B        C        D         E       F
            +---------+---------+-------+---------+---------+-------
      Total |      36 |       4 |  10.0 |      13 |       2 |  13.3
            +---------+---------+-------+---------+---------+-------
        D:1 |      10 |       4 |  28.6 |       6 |       2 |  25.0
        D:2 |      26 |       0 |   0.0 |       7 |       0 |   0.0
            +---------+---------+-------+---------+---------+-------

Illustrated notes

Table legend:
 A = Kills in this place as a percentage of kills in entire the game.
 B = Kills by you in this place as a percentage of kills by you in the entire game.
 C = Kills by friends in this place as a percentage of kills by friends in the entire game.
 D = Other kills in this place as a percentage of other kills in the entire game.
 E = Experience gained in this place as a percentage of experience gained in the entire game.
 F = Experience gained in this place divided by the number of levels of this place that you have seen.
                   A       B       C       D       E      F
               +-------+-------+-------+-------+-------+----------------------
         Total | 100.0 | 100.0 | 100.0 |   N/A | 100.0 |  20.0
       Dungeon | 100.0 | 100.0 | 100.0 |   N/A | 100.0 |  20.0
               +-------+-------+-------+-------+-------+----------------------

Table legend: (Time is in decaauts)
 A = Elapsed time spent in this place.
 B = Non-inter-level travel time spent in this place.
 C = Inter-level travel time spent in this place.
 D = Time resting spent in this place.
 E = Time spent auto-exploring this place.
 F = Levels seen in this place.
 G = Mean time per level.
                   A        B        C        D        E       F      G
               +--------+--------+--------+--------+--------+-----+--------+
         Total |   1464 |   1460 |      4 |    154 |   1088 |   2 |  732.0 |
       Dungeon |   1464 |   1460 |      4 |    154 |   1088 |   2 |  732.0 |
               +--------+--------+--------+--------+--------+-----+--------+

Top non-repeatable levels by time:
     D:1: 1060 daAuts
     D:2: 404 daAuts
